 Dungeon Crawl Stone Soup version 0.28-a0-1638-g9123634e07 (webtiles) character file.

Game seed: 11709834124274508304

62 hashsling the Skirmisher (level 3, -1/31 HPs)
             Began as a Draconian Warper on Jan 26, 2022.
             Slain by a gnoll (7 damage)
             ... on level 2 of the Dungeon.
             The game lasted 00:02:22 (1063 turns).

hashsling the Skirmisher (Draconian Warper)         Turns: 1063, Time: 00:02:24

Health: -1/31      AC:  5    Str: 13    XL:     3   Next: 85%
Magic:  6/6        EV: 12    Int: 13    God:
Gold:   84         SH:  3    Dex: 12    Spells: 4/6 levels left

rFire   . . .      SeeInvis .   a - +0 spear
rCold   . . .      Faith    .   h - +0 buckler
rNeg    . . .      Spirit   .   (armour unavailable)
rPois   .          Reflect  .   (helmet restricted)
rElec   .          Harm     .   (no cloak)
rCorr   .          Rampage  .   (no gloves)
Will    .....                   (no boots)
Stlth   +.........              (no amulet)
HPRegen 0.10/turn               d - +4 ring of slaying
MPRegen 0.10/turn               (no ring)

@: no status effects
A: AC +5, unfitting armour, cold-blooded
a: no special abilities


You were on level 2 of the Dungeon.
You visited 1 branch of the dungeon, and saw 2 of its levels.

You collected 84 gold pieces.

Inventory:

Hand Weapons
 a - a +0 spear (weapon)
Missiles
 c - 5 boomerangs of dispersal (quivered)
Armour
 h - a +0 buckler (worn)
Jewellery
 d - a +4 ring of slaying (left hand)
Scrolls
 b - a scroll of blinking
 e - 3 scrolls of identify {unknown}
 f - a scroll of immolation {unknown}
 i - a scroll of vulnerability {unknown}
 j - a scroll of noise {unknown}
 k - a scroll of fog {unknown}
Potions
 g - a potion of curing {unknown}


   Skills:
 + Level 3.1 Fighting
 + Level 2.9 Polearms
 - Level 1.0 Throwing
 + Level 2.8 Dodging
 - Level 2.0 Spellcasting
 - Level 3.0 Translocations


You had 4 spell levels left.
You knew the following spells:

 Your Spells              Type           Power      Damage    Failure   Level
a - Blink                 Tloc           18%        N/A       16%         2

Your spell library contained the following spells:

 Spells                   Type           Power      Damage    Failure   Level
 Gell's Gravitas          Tloc           9%         N/A       30%         3
 Lesser Beckoning         Tloc           9%         N/A       30%         3
 Teleport Other           Tloc           9%         N/A       30%         3
 Manifold Assault         Tloc           9%         N/A       95%         5


Dungeon Overview and Level Annotations

Branches:
Dungeon (2/15)

Altars:


Innate Abilities, Weirdness & Mutations

Your plain brown scales are hard. (AC +5)
You cannot fit into any form of body armour.
You are cold-blooded and may be slowed by cold attacks.


Message History

Okay, then.
Reach: a) +0 spear
Press: ? - help, Dir - move target, f/p - gnoll
Aim: a gnoll, wielding a +0 halberd and wearing a +0 leather armour (heavily wounded, about 31% to evade your +0 spear)
You reach to attack!
You barely miss the gnoll.
The gnoll is heavily wounded.
The gnoll hits the bush but does no damage.
Something bites the bush but does no damage.
The gnoll hits you from afar with a +0 halberd.
* * * LOW HITPOINT WARNING * * *
Reach: a) +0 spear
Press: ? - help, Dir - move target, f/p - gnoll
Aim: a gnoll, wielding a +0 halberd and wearing a +0 leather armour (heavily wounded, about 31% to evade your +0 spear)
You reach to attack!
You barely miss the gnoll.
The gnoll is heavily wounded.
The gnoll hits the bush with a +0 whip.
Something bites the bush but does no damage.
Reach: a) +0 spear
Press: ? - help, Dir - move target, f/p - gnoll
Aim: a gnoll, wielding a +0 halberd and wearing a +0 leather armour (heavily wounded, about 31% to evade your +0 spear)
You reach to attack!
You closely miss the gnoll.
The gnoll is heavily wounded.
The gnoll barely misses you.
The gnoll hits the bush but does no damage.
Something bites the bush but does no damage.
Reach: a) +0 spear
Press: ? - help, Dir - move target, f/p - gnoll
Aim: a gnoll, wielding a +0 halberd and wearing a +0 leather armour (heavily wounded, about 31% to evade your +0 spear)
You reach to attack!
You hit the gnoll but do no damage.
The gnoll is heavily wounded.
You block the gnoll's attack.
The gnoll hits the bush but does no damage.
Something bites the bush but does no damage.
Reach: a) +0 spear
Press: ? - help, Dir - move target, f/p - gnoll
Aim: a gnoll, wielding a +0 halberd and wearing a +0 leather armour (heavily wounded, about 31% to evade your +0 spear)
You reach to attack!
You barely miss the gnoll.
The gnoll is heavily wounded.
The gnoll hits you from afar with a +0 halberd!
You die...

#. ...♣♣ .... ....
...... ♣♣♣♣ ...# ...
......♣♣.P♣ ...##..
......w.P.♣♣♣..#..
♣...P♣P♣.#.#
♣♣.P♣.♣♣♣..#########
♣P..wP♣♣..........#
♣P..gg.@..........#
♣♣♣♣.♣♣♣..........#
#♣♣♣.♣ ##.........#
#.#### #.........# #
#.##### ####.######
#. #.##P.#####...#
#.###....P..##..#..#
#......P♣♣.....###.#
#.......♣♣.†P.## ..#


You could see a worm and 2 gnolls.

Vanquished Creatures
  An adder (D:2)
  A gnoll (D:2)
  A dart slug (D:1)
  6 ball pythons
  A bat (D:1)
  5 endoplasms
  2 giant cockroaches
  5 goblins
  2 hobgoblins (D:1)
  2 quokkas
  2 frilled lizards (D:1)
  7 kobolds
  3 rats
38 creatures vanquished.

Vanquished Creatures (others)
  7 plants (D:2)
7 creatures vanquished.

Grand Total: 45 creatures vanquished

Notes
Turn   | Place    | Note
-------+----------+-------------------------------------------
     0 | D:1      | hashsling the Draconian Warper began the quest for the Orb.
     0 | D:1      | Reached XP level 1. HP: 17/17 MP: 3/3
    38 | D:1      | Reached skill level 1 in Throwing
    50 | D:1      | Reached XP level 2. HP: 23/25 MP: 5/5
    55 | D:1      | Learned a level 2 spell: Blink
   666 | D:1      | Reached XP level 3. HP: 30/30 MP: 6/6
  1063 | D:2      | Slain by a gnoll

Illustrated notes

Levels and vault maps discovered:
D:1:      eino_arrival_water_star, layout_basic
D:2:      layout_rooms, serial_forest, infiniplex_forest_clump_tiny,
          infiniplex_forest_end_double, infiniplex_forest_split,
          infiniplex_forest_clump_medium

Skill      XL: |  1  2  3 |
---------------+----------+-----
Throwing       | 1 |  1.0
Fighting       | 3 |  3.1
Polearms       | |  2.9
Dodging        | |  2.8
Spellcasting   | |  2.0
Translocations | |  3.0

Action                   || total
-------------------------++-------
Melee: Spear             ||   101
       Tailslap          ||     8
 Stab: Sleeping          ||     2
Armor: Skin              ||    14
Dodge: Dodged            ||    35
Block: Buckler           ||     4

Table legend: (Time is in decaauts)
 A = Elapsed time spent in this place.
 B = Non-inter-level travel time spent in this place.
 C = Inter-level travel time spent in this place.
 D = Time resting spent in this place.
 E = Time spent auto-exploring this place.
 F = Levels seen in this place.
 G = Mean time per level.
                   A        B        C        D        E       F      G
               +--------+--------+--------+--------+--------+-----+--------+
         Total |   1064 |   1057 |      7 |      0 |    832 |   2 |  532.0 |
       Dungeon |   1064 |   1057 |      7 |      0 |    832 |   2 |  532.0 |
               +--------+--------+--------+--------+--------+-----+--------+

Top non-repeatable levels by time:
     D:1: 918 daAuts
     D:2: 145 daAuts
